 Dungeon Sprint DCSS version 0.20.1-1-g8b1a95d (console) character file.

9700000 hilaritas the Axe Maniac (level 27, -3/323 HPs)
             Began as a Troll Gladiator on July 28, 2017.
             Was the Champion of Makhleb.
             Slain by an observer (18 damage)
             ... in the Dungeon (Sprint VIII: "Arena of Blood").
             The game lasted 00:04:13 (97 turns).

hilaritas the Axe Maniac (Troll Gladiator)            Turns: 97, Time: 00:04:14

Health: -3/323     AC:  7    Str: 37    XL:     27
Magic:  35/53      EV: 24    Int:  6    God:    Makhleb [******]
Gold:   0          SH:  0    Dex: 11    Spells: 80/80 levels left

rFire    + . .     SeeInvis .   l - +∞ Axe of Woe
rCold    . . .     Gourm    +   (shield currently unavailable)
rNeg     . . .     Faith    .   b - +0 robe
rPois    .         Spirit   .   c - +0 hat
rElec    .         Reflect  .   (no cloak)
rCorr    .         Harm     .   (gloves unavailable)
MR       ++...     NoTele   +   (boots unavailable)
Stlth    +++++++++.             (no amulet)
Regen    1.1/turn               m - ring of protection from fire
MPRegen  0.4/turn               (no ring)

@: no status effects
A: unfitting armour, claws 3, fast metabolism 3, gourmand, regeneration 1,
shaggy fur 1, tough skin 2
a: Minor Destruction, Lesser Servant of Makhleb, Major Destruction, Greater
Servant of Makhleb, Renounce Religion


You were in the Dungeon.
You worshipped Makhleb.
Makhleb was exalted by your worship.
You were not hungry.

You visited 1 branch

Inventory:

Hand Weapons
 a - a +0 war axe
 l - the +∞ Axe of Woe (weapon)
   (You found it in the Dungeon)
Missiles
 d - 3 throwing nets (quivered)
Armour
 b - a +0 robe (worn)
 c - a +0 hat (worn)
Jewellery
 m - a ring of protection from fire (left claw)
Scrolls
 k - a scroll of blinking
Potions
 e - a potion of curing
 g - a potion of heal wounds
 h - a potion of haste
 i - 2 potions of magic
 j - a potion of berserk rage
Comestibles
 f - 2 bread rations


   Skills:
 O Level 27 Fighting
 O Level 27 Axes
 O Level 27 Throwing
 O Level 27 Armour
 O Level 27 Dodging
 O Level 27 Stealth
 O Level 27 Unarmed Combat
 O Level 27 Spellcasting
 O Level 27 Invocations


You had 80 spell levels left.
You didn't know any spells.

Dungeon Overview and Level Annotations

Branches:
Dungeon (1/1)

Altars:
Makhleb

Annotations:
D The Servant


Innate Abilities, Weirdness & Mutations

You are too large for most types of armour.
You have claws for hands.
Your metabolism is lightning-fast.
You like to eat raw meat.
Your natural rate of healing is unusually fast.
You are covered in fur. (AC +1)
You have very tough skin. (AC +2)


Message History

You hear a shout!
The bag of meat moves out of view.
You hear a shout! x2 2 orcs, an ogre and a vampire knight come into view.
The destroyer is wielding a +9 great sword of slicing.
Harold the Weathered comes into view.
He is wielding a +9 glaive of flaming.
The bag of meat shouts!
The Servant shouts!
The meat beast completely misses you. The meat beast tramples you.
* * * LOW HITPOINT WARNING * * *
You hold your ground!
You feel something staring at you. Something smites you!
* * * LOW HITPOINT WARNING * * *
You hear a shout! x2
The meat beast bites you.
* * * LOW HITPOINT WARNING * * *
The meat beast completely misses you.
You hear a shout! x2
Something bites you!!
You die...

################
......{@......W####
o..O..o.2O....W...####
o@..##.##.#####......###
.V. o....O..............
# .o.##.##.L...........
..z.o O.....{..........
.oLo...#.#.......#.M...
W.oWD.........W####....
o.D{......)..§......


You could see a meat beast, 2 tyrants, The Servant, an eight-headed meat hydra
(wandering), a destroyer (wandering), a sculptor of flesh (wandering), 4 dreads,
3 meat berserkers and 8 bags of meat.

Vanquished Creatures
  4 hell beasts (D)
  A wraith (D)
  11 vampire knights (D)
  29 ogres (D)
  6 two-headed ogres (D)
  4 liches (D)
  A hydra (D)
  66 orcs (D)
  A phantom (D)
123 creatures vanquished.

Notes
Turn   | Place    | Note
-------+----------+-------------------------------------------
     0 | D        | hilaritas the Troll Gladiator began the quest for the Orb.
     0 | D        | Reached XP level 1. HP: 19/19 MP: 0/0
     3 | D        | Noticed a bag of meat
     4 | D        | Became a worshipper of Makhleb the Destroyer
     5 | D        | Noticed a bag of meat
     6 | D        | Noticed a bag of meat
     7 | D        | Noticed a meat berserker
     8 | D        | Noticed a bag of meat
    10 | D        | Noticed a bag of meat
    10 | D        | Noticed a meat berserker
    11 | D        | Noticed a meat berserker
    11 | D        | Noticed a meat berserker
    11 | D        | Noticed a bag of meat
    11 | D        | Noticed a bag of meat
    11 | D        | Noticed a bag of meat
    12 | D        | Noticed a bag of meat
    12 | D        | Noticed a bag of meat
    12 | D        | Noticed a bag of meat
    12 | D        | Noticed a bag of meat
    12 | D        | Noticed a bag of meat
    12 | D        | Noticed a bag of meat
    13 | D        | Noticed a meat berserker
    13 | D        | Noticed a bag of meat
    13 | D        | Noticed a bag of meat
    13 | D        | Noticed a meat berserker
    14 | D        | Noticed a meat berserker
    14 | D        | Noticed a bag of meat
    14 | D        | Noticed a bag of meat
    14 | D        | Noticed a bag of meat
    14 | D        | Killed a meat berserker
    14 | D        | Reached XP level 2. HP: 27/27 MP: 1/1
    14 | D        | Reached XP level 3. HP: 33/33 MP: 2/2
    14 | D        | Reached XP level 4. HP: 41/41 MP: 3/3
    14 | D        | Reached XP level 5. HP: 48/48 MP: 4/4
    14 | D        | Reached XP level 6. HP: 55/55 MP: 5/5
    14 | D        | Reached XP level 7. HP: 62/62 MP: 6/6
    14 | D        | Reached XP level 8. HP: 70/70 MP: 7/7
    14 | D        | Reached XP level 9. HP: 76/76 MP: 8/8
    14 | D        | Reached XP level 10. HP: 85/85 MP: 9/9
    14 | D        | Reached XP level 11. HP: 92/92 MP: 10/10
    14 | D        | Reached XP level 12. HP: 100/100 MP: 11/11
    14 | D        | Reached XP level 13. HP: 106/106 MP: 12/12
    14 | D        | Killed a meat berserker
    14 | D        | Reached * piety under Makhleb
    14 | D        | Reached skill level 27 in Axes
    14 | D        | Reached XP level 14. HP: 114/114 MP: 13/13
    15 | D        | Noticed a bag of meat
    15 | D        | Noticed a bag of meat
    15 | D        | Noticed a bag of meat
    15 | D        | Noticed a bag of meat
    15 | D        | Noticed a meat berserker
    15 | D        | Killed a meat berserker
    15 | D        | Reached XP level 15. HP: 23/120 MP: 13/27
    15 | D        | Killed a meat berserker
    15 | D        | Reached ** piety under Makhleb
    15 | D        | Reached XP level 16. HP: 24/128 MP: 13/32
    16 | D        | Noticed a meat berserker
    17 | D        | Noticed a destroyer
    17 | D        | Noticed a meat berserker
    17 | D        | Killed a meat berserker
    17 | D        | Reached XP level 17. HP: 114/201 MP: 13/33
    17 | D        | Killed a meat berserker
    17 | D        | Reached *** piety under Makhleb
    17 | D        | Reached skill level 27 in Fighting
    17 | D        | Reached XP level 18. HP: 211/236 MP: 13/34
    18 | D        | Noticed a meat berserker
    18 | D        | Noticed a meat berserker
    18 | D        | Noticed a large bag of meat
    18 | D        | Killed a meat berserker
    18 | D        | Reached **** piety under Makhleb
    18 | D        | Reached XP level 19. HP: 245/245 MP: 13/35
    19 | D        | Noticed a meat berserker
    20 | D        | Reached ***** piety under Makhleb
    20 | D        | Killed a meat berserker
    20 | D        | Reached skill level 27 in Dodging
    20 | D        | Reached skill level 27 in Invocations
    20 | D        | Reached skill level 15 in Armour
    20 | D        | Reached XP level 20. HP: 256/256 MP: 13/36
    21 | D        | Noticed a large bag of meat
    21 | D        | Noticed a meat berserker
    21 | D        | Noticed a destroyer
    21 | D        | Noticed a destroyer
    22 | D        | Noticed a destroyer
    22 | D        | Killed a meat berserker
    22 | D        | Reached skill level 27 in Armour
    22 | D        | Reached skill level 10 in Stealth
    22 | D        | Killed a meat berserker
    22 | D        | Reached ****** piety under Makhleb
    22 | D        | Reached XP level 21. HP: 265/265 MP: 14/37
    24 | D        | Noticed a large bag of meat
    25 | D        | Reached XP level 22. HP: 226/275 MP: 14/38
    25 | D        | Reached skill level 27 in Stealth
    26 | D        | Reached XP level 23. HP: 284/284 MP: 15/39
    26 | D        | Reached skill level 27 in Throwing
    26 | D        | Reached skill level 10 in Unarmed Combat
    28 | D        | Killed a large bag of meat
    28 | D        | Reached skill level 15 in Spellcasting
    28 | D        | Reached XP level 24. HP: 295/295 MP: 15/42
    29 | D        | Noticed a large bag of meat
    29 | D        | Reached skill level 27 in Unarmed Combat
    31 | D        | Noticed a destroyer
    32 | D        | Reached XP level 25. HP: 296/304 MP: 16/51
    33 | D        | Killed a destroyer
    33 | D        | Reached skill level 27 in Spellcasting
    36 | D        | Noticed a destroyer
    37 | D        | Reached XP level 26. HP: 314/314 MP: 17/53
    39 | D        | Noticed a destroyer
    39 | D        | Killed a destroyer
    39 | D        | Killed a destroyer
    39 | D        | Reached XP level 27. HP: 323/323 MP: 18/53
    39 | D        | Killed a destroyer
    42 | D        | Killed a destroyer
    42 | D        | Killed a destroyer
    45 | D        | Noticed a destroyer
    45 | D        | Noticed a destroyer
    47 | D        | Killed a large bag of meat
    47 | D        | Killed a large bag of meat
    47 | D        | Killed a large bag of meat
    50 | D        | Killed a destroyer
    52 | D        | Killed a destroyer
    57 | D        | Noticed a tyrant
    59 | D        | Noticed a destroyer
    60 | D        | Noticed a destroyer
    61 | D        | Killed a destroyer
    62 | D        | Noticed a large bag of meat
    63 | D        | Noticed a tyrant
    64 | D        | Noticed a large bag of meat
    64 | D        | Noticed a tyrant
    65 | D        | Noticed a dread
    65 | D        | Killed a destroyer
    66 | D        | Noticed a meat beast
    67 | D        | Killed a destroyer
    68 | D        | Noticed a tyrant
    68 | D        | Noticed a dread
    69 | D        | Killed a tyrant
    69 | D        | Killed a large bag of meat
    69 | D        | Killed a meat beast
    71 | D        | Noticed a meat beast
    71 | D        | Killed a large bag of meat
    73 | D        | Noticed a dread
    76 | D        | Noticed a meat beast
    77 | D        | Killed a tyrant
    77 | D        | Killed a dread
    79 | D        | Killed a meat beast
    81 | D        | Killed a tyrant
    82 | D        | Killed a tyrant
    82 | D        | Killed a meat beast
    83 | D        | Noticed a meat beast
    84 | D        | Killed a meat beast
    90 | D        | Noticed an accursed
    95 | D        | Noticed a large bag of meat
    95 | D        | Noticed a meat beast
    96 | D        | Noticed a dread
    96 | D        | Noticed a tyrant
    96 | D        | Noticed a dread
    97 | D        | Noticed a destroyer
    97 | D        | Noticed The Servant
    97 | D        | HP: 15/323 [meat beast (2)]
    97 | D        | Slain by an observer

Skill      XL: |  1  2  3  4  5  6  7  8  9 10 11 12 13 14 15 16 17 18 19 20 21 22 23 24 25 |
---------------+----------------------------------------------------------------------------+-----
Axes           | 25 27 | 27.0
Invocations    | 18 26 27 | 27.0
Fighting       | 19 27 | 27.0
Dodging        | 9 23 27 | 27.0
Armour         | 19 27 | 27.0
Stealth        | 16 26 27 | 27.0
Throwing       | 26 27 | 27.0
Unarmed Combat | 23 27 | 27.0
Spellcasting   | 16 25 27 | 27.0

Action                   |  1- 3 |  4- 6 |  7- 9 | 10-12 | 13-15 | 16-18 | 19-21 | 22-24 | 25-27 || total
-------------------------+-------+-------+-------+-------+-------+-------+-------+-------+-------++-------
Melee: Executioner's axe |     1 |       |       |       |     1 |     3 |     4 |     4 |    28 ||    41
 Stab: Distracted        |       |       |       |       |       |       |       |       |     1 ||     1
Armor: Robe              |       |       |       |       |       |       |       |       |     4 ||     4
Dodge: Dodged            |       |       |       |       |       |       |     1 |     2 |    12 ||    15
